 Dungeon Crawl Stone Soup version 0.17-a0-2215-g49c1de0 (webtiles) character file.

75 M4edhros the Charlatan (level 4, -3/28 HPs)
             Began as an Octopode Artificer on Oct 28, 2015.
             Slain by a sky beast (5 damage)
             ... on level 2 of the Dungeon.
             The game lasted 00:05:46 (2118 turns).

M4edhros the Charlatan (Octopode Artificer)         Turns: 2118, Time: 00:05:46

Health: -3/28      AC:  3    Str: 10    XL:     4   Next: 31%
Magic:  7/7        EV: 12    Int: 14    God:
Gold:   94         SH:  0    Dex: 13    Spells: 0 memorised, 3 levels left

rFire  . . .     SeeInvis .     r - +0 short sword
rCold  . . .     Clarity  .     (no shield)
rNeg   . . .     SustAt   .     v - +2 hat
rPois  .         Gourm    .     (no amulet)
rElec  .         Spirit   .     (no ring)
rCorr  .         Warding  .     (no ring)
rMut   .         Stasis   .     (no ring)
MR     .....                    (no ring)
Stlth  ++++......               (no ring)
                                (no ring)
                                (no ring)
                                (no ring)

@: not resistant to hostile enchantments, stealthy
A: almost no armour, amphibious, 8 rings, constrict 8, camouflage 1, gelatinous
body 1
a: no special abilities


You were on level 2 of the Dungeon.
You were hungry.

You visited 1 branch of the dungeon, and saw 3 of its levels.

You collected 94 gold pieces.

Inventory:

Hand Weapons
 a - a +0 short sword
 r - a +0 short sword (weapon)
Missiles
 j - 33 sling bullets
 o - 22 silver sling bullets
 p - 49 stones (quivered)
 s - a throwing net
Armour
 v - a +2 hat (worn)
Wands
 b - a wand of flame (11)
 c - a wand of enslavement (13)
 d - a wand of random effects (13)
Scrolls
 f - a scroll of magic mapping {unknown}
 h - a scroll of enchant armour {unknown}
 i - a scroll of noise {unknown}
 k - a scroll of remove curse {unknown}
 t - 2 scrolls of identify {unknown}
Potions
 m - a potion of flight
 n - a potion of ambrosia
Comestibles
 e - 2 bread rations
 g - a beef jerky
 l - 4 fruits


   Skills:
 - Level 1.1 Fighting
 - Level 1.0 Short Blades
 - Level 2.1 Dodging
 + Level 3.8 Stealth
 + Level 4.5 Evocations


You had 3 spell levels left.
You didn't know any spells.

Dungeon Overview and Level Annotations

Branches:
Dungeon (3/15)

Altars:


Innate Abilities, Weirdness & Mutations

You cannot wear most types of armour.
You are amphibious.
You can wear up to eight rings at the same time.
You can use your tentacles to constrict eight enemies at once.
Your skin changes colour to match your surroundings (Stealth).
Your rubbery body absorbs attacks (AC +1).


Message History

Evoke which item? (* to show all) (? for menu, Esc to quit)
Zapping:
b - a wand of flame (13)
Press: ? - help, Shift-Dir - straight line, f/p - sky beast
Aim: a sky beast (heavily wounded, fast)
The puff of flame misses the sky beast.
This wand has 12 charges left.
The sky beast hits you. The sky beast shocks you.
Evoke which item? (* to show all) (? for menu, Esc to quit)
Zapping:
b - a wand of flame (12)
Press: ? - help, Shift-Dir - straight line, f/p - sky beast
Aim: a sky beast (heavily wounded, fast)
The puff of flame hits the sky beast.
The sky beast is severely wounded.
This wand has 11 charges left.
The sky beast flickers out of sight!
Deactivating autopickup; reactivate with Ctrl-A.
Something hits you. Something shocks you.
* * * LOW HITPOINT WARNING * * *
Something hits you.
* * * LOW HITPOINT WARNING * * *
Something shocks you.
You die...

<##...######.##.##........# #..
.##.#.# ####........##.#### #..
.##.#.# #...........##.# #..
......# #.......##..##.########..
###.### #.......##.>##.##........
#.# #.......##..##........... #.#
#.......##..#####........ #.#
#.......##..#...#######.. #.#
#.......@{..#...### #.. #.#
###########.......# #.. #.#
#.......# #.. #.# #....)..#####..
###.#### ###...##....... #......#
#...##.####..
#.#.##.###############.###.####.#
#.#....................# #)......
#.####.###################.##.#..


There were no monsters in sight!

Vanquished Creatures
  3 adders (D:2)
  A giant gecko (D:2)
  3 giant cockroaches
  8 goblins
  6 hobgoblins
  4 jackals (D:2)
  A quokka (D:2)
  7 bats
  3 giant newts
  2 kobolds
  6 rats
44 creatures vanquished.

Notes
Turn   | Place    | Note
--------------------------------------------------------------
     0 | D:1      | M4edhros the Octopode Artificer began the quest for the Orb.
     0 | D:1      | Reached XP level 1. HP: 13/13 MP: 3/3
   147 | D:1      | Reached XP level 2. HP: 6/18 MP: 4/4
   743 | D:1      | Reached skill level 4 in Evocations
  1293 | D:2      | Reached XP level 3. HP: 15/23 MP: 6/6
  1832 | D:2      | Reached XP level 4. HP: 17/28 MP: 7/7
  2109 | D:3      | Noticed a sky beast
  2118 | D:2      | Slain by a sky beast

Vault maps used:
D:1:      dpeg_arrival_tiny_d, minmay_cupped
D:2:      first_bread
D:3:      xom_redecorated, nicolae_overflow_crystal_walls, uniq_terence

Action                   |  1- 3 |  4- 6 || total
-------------------------+-------+-------++-------
Melee: Short sword       |    98 |     7 ||   105
Evoke: Wand              |     4 |     4 ||     8
  Use: Potion            |     7 |       ||     7
 Stab: Sleeping          |     8 |     1 ||     9
  Eat: Chunk             |     3 |       ||     3
